 Dungeon Crawl Stone Soup version 0.28-a0-1555-g9ae15a6949 (webtiles) character file.

Game seed: 5943684446293974596

2286 HallandMoats the Fighter (level 9, -4/82 HPs)
             Began as a Ghoul Monk on Jan 18, 2022.
             Was a Believer of Okawaru.
             Killed by divine providence
             ... invoked by an orc high priest
              (10 damage)
             ... in a bailey.
             The game lasted 00:10:35 (5995 turns).

HallandMoats the Fighter (Ghoul Monk)               Turns: 5995, Time: 00:10:36

Health: -4/82      AC: 24    Str: 19    XL:     9   Next: 39%
Magic:  21/21      EV: 10    Int:  5    God:    Okawaru [**....]
Gold:   1673       SH:  6    Dex: 11    Spells: 8/8 levels left

rFire   . . .      SeeInvis .   d - +5 scimitar
rCold   + . .      Faith    .   u - +0 buckler
rNeg    + + +      Spirit   .   s - +4 chain mail
rPois   ∞          Reflect  .   j - +0 helmet
rElec   .          Harm     .   t - +1 cloak
rCorr   .          Rampage  .   (no gloves)
Will    .....                   g - +0 pair of boots
Stlth   ..........              (no amulet)
HPRegen 0.00/turn               f - +4 ring of protection
MPRegen 0.17/turn               o - ring of magical power

@: heroic, inhibited regen, hasted, very quick
A: claws 1, cold resistance 1, negative energy resistance 3, inhibited
regeneration, torment resistance 2
a: Renounce Religion, Heroism


You were in a bailey.
You worshipped Okawaru.
Okawaru was pleased with you.
You visited 2 branches of the dungeon, and saw 8 of its levels.
You also visited: Bailey.

You collected 1673 gold pieces.

Inventory:

Hand Weapons
 d - a +5 scimitar (weapon)
Missiles
 A - 2 throwing nets (quivered)
Armour
 g - a +0 pair of boots (worn)
 j - a +0 helmet (worn)
 s - a +4 chain mail (worn)
 t - a +1 cloak (worn)
 u - a +0 buckler (worn)
Jewellery
 f - a +4 ring of protection (left claw)
 o - a ring of magical power (right claw)
Wands
 n - a wand of acid (2)
 p - a wand of digging (2)
Scrolls
 i - 3 scrolls of amnesia
 k - a scroll of teleportation {unknown}
 q - a scroll of noise {unknown}
 r - 3 scrolls of immolation {unknown}
 y - 3 scrolls of fog
Potions
 a - a potion of curing {unknown}
 b - a potion of cancellation
 h - 2 potions of attraction {unknown}
 l - a potion of magic
 m - 3 potions of might {unknown}
 w - a potion of invisibility {unknown}
 x - a potion of heal wounds {unknown}
Miscellaneous
 v - a lightning rod (4/4)


   Skills:
 * Level 8.5(13.5) Fighting
 + Level 4.3(9.3) Armour
 + Level 5.2(10.2) Dodging
 - Level 2.1(7.1) Stealth
 - Level 4.2(9.2) Shields
 - Level 3.2(8.2) Unarmed Combat
 + Level 5.3 Invocations


You had 8 spell levels left.
You didn't know any spells.
Your spell library contained the following spells:

 Spells                   Type           Power      Damage    Failure   Level
 Magic Dart               Conj           0%         1d3       99%         1
 Sting                    Tmut/Pois      0%         1d3       99%         1
 Poisonous Vapours        Pois/Air       0%         N/A       100%        2
 Searing Ray              Conj           0%         2d4       100%        2
 Fulminant Prism          Conj/Hex       0%         3d6       100%        4
 Olgreb's Toxic Radiance  Pois           0%         N/A       100%        4


Dungeon Overview and Level Annotations

Branches:
Dungeon (7/15)             Temple (1/1) D:6          Bailey (1/1)

Altars:
Ashenzari
Cheibriados
Dithmenos
Elyvilon
Fedhas
Gozag
Hepliaklqana
Kikubaaqudgha
Makhleb
Nemelex Xobeh
Okawaru
Qazlal
Ru
Sif Muna
Trog
Uskayaw
Vehumet
Wu Jian
Xom
Yredelemnul
Zin
The Shining One

Shops:
D:5 **

Annotations:
D:4 2 runed translucent doors


Innate Abilities, Weirdness & Mutations

You thrive by killing the living.
You are immune to poison.
You have sharp fingernails.
Your flesh is cold resistant. (rC+)
You are immune to negative energy. (rN+++)
You do not regenerate when monsters are visible.
You are immune to unholy pain and torment.


Message History

The orc high priest suddenly grunts.
The orc high priest calls down the wrath of Beogh upon you.
Beogh smites you!
You barely miss the orc high priest.
The orc high priest is lightly wounded.
The orc warrior hits you with a +0 war axe.
You block the orc knight's attack.
You hit the orc high priest.
The orc high priest is lightly wounded.
You block the smoke demon's attack.
The smoke demon hits you but does no damage.
The smoke demon barely misses you.
The orc high priest mumbles some strange prayers.
The orc high priest closely misses you. The orc knight barely misses you.
The orc warrior hits you with a +0 war axe.
* * * LOW HITPOINT WARNING * * *
You barely miss the orc high priest.
The orc high priest is lightly wounded.
The smoke demon hits you but does no damage. x2
The smoke demon barely misses you.
The orc high priest hits you but does no damage.
The orc knight barely misses you. The orc warrior closely misses you.
You closely miss the orc high priest.
The orc high priest is lightly wounded.
The smoke demon hits you.
* * * LOW HITPOINT WARNING * * *
The smoke demon hits you but does no damage.
The smoke demon closely misses you. The orc high priest closely misses you.
The orc knight hits you but does no damage.
The orc warrior hits you but does no damage.
Unknown command.
You slice the orc high priest!!
The orc high priest is heavily wounded.
The smoke demon gestures at you. Beogh smites you!
* * * LOW HITPOINT WARNING * * *
The orc high priest says, "You will make a fine sacrifice."
The orc high priest mumbles some strange prayers to Beogh against you.
Beogh smites you!
You die...

.⌠..# ....# ....# ≈
'##### ≈≈ .....# ≈≈≈
..)..# ≈≈
##...##############.#
#.8.8.8.).....#.o..#
#......)#.....3@o4.#
###############.o#+#
+..# ####


You could see an orc knight, an orc high priest (strong), an ice devil
(summoned), a smoke demon (summoned) and an orc warrior (strong).

Vanquished Creatures
  Sigmund (D:2)
  An orc warrior (Bailey)
  A sky beast (D:6)
  2 ogres (D:5)
  3 necrophages
  A black bear (D:6)
  A phantom (D:6)
  Blork the orc (D:4)
  2 kobold brigands
  2 bullfrogs
  2 scorpions
  A water moccasin zombie (D:5)
  4 wights (D:5)
  A hound (D:5)
  A bullfrog skeleton (D:5)
  A jelly (D:6)
  2 orc priests (D:6)
  A centaur skeleton (D:6)
  3 iguanas
  Ijyb (D:4)
  3 orc wizards
  2 hound skeletons (D:4)
  Robin (D:3)
  6 gnolls
  9 adders
  A howler monkey skeleton (D:6)
  2 ufetubi
  A worm (D:2)
  2 dart slugs
  23 orcs
  6 endoplasms
  3 giant cockroaches
  21 goblins
  12 hobgoblins
  3 jackals (D:3)
  4 quokkas
  3 ball pythons
  5 bats
  4 frilled lizards
  9 kobolds
  5 rats
157 creatures vanquished.

Vanquished Creatures (others)
  An orc wizard (D:7)
  6 plants (D:6)
7 creatures vanquished.

Grand Total: 164 creatures vanquished

Notes
Turn   | Place    | Note
-------+----------+-------------------------------------------
     0 | D:1      | HallandMoats the Ghoul Monk began the quest for the Orb.
     0 | D:1      | Reached XP level 1. HP: 19/19 MP: 0/0
   255 | D:1      | Reached XP level 2. HP: 24/26 MP: 1/1
   565 | D:2      | Reached skill level 1 in Invocations
   565 | D:2      | Reached XP level 3. HP: 33/33 MP: 2/2
   579 | D:2      | Reached skill level 1 in Armour
   671 | D:2      | Noticed Sigmund
   738 | D:2      | Reached skill level 4 in Fighting
   835 | D:2      | Reached XP level 4. HP: 29/40 MP: 2/4
   945 | D:2      | Killed Sigmund
   946 | D:2      | Reached skill level 5 in Fighting
   946 | D:2      | Reached XP level 5. HP: 41/48 MP: 5/5
  1048 | D:2      | Reached XP level 6. HP: 55/56 MP: 6/6
  1426 | D:3      | Found a faded altar of an unknown god.
  1780 | D:3      | Noticed Robin
  1800 | D:3      | Killed Robin
  2066 | D:4      | Noticed Blork the orc
  2085 | D:4      | Killed Blork the orc
  2415 | D:4      | Reached XP level 7. HP: 49/62 MP: 8/8
  2487 | D:4      | Reached skill level 6 in Fighting
  2514 | D:4      | Noticed Ijyb
  2526 | D:4      | Killed Ijyb
  2739 | D:4      | Found a large runed translucent door.
  2739 | D:4      | Found a large runed translucent door.
  2856 | D:4      | Found a large runed translucent door.
  2856 | D:4      | Found a large runed translucent door.
  3102 | D:4      | Reached skill level 1 in Shields
  3222 | D:5      | Entered Level 5 of the Dungeon
  3273 | D:5      | Identified a scroll of acquirement
  3274 | D:5      | Acquired 1364 gold pieces
  3313 | D:5      | Reached XP level 8. HP: 65/71 MP: 9/9
  3349 | D:5      | Found Goneare's General Store.
  3351 | D:5      | Found Afialeoc's Specific Store.
  3617 | D:5      | Reached skill level 7 in Fighting
  4791 | D:6      | Reached XP level 9. HP: 68/81 MP: 11/11
  4862 | D:6      | Reached skill level 5 in Dodging
  4863 | D:6      | Reached skill level 8 in Fighting
  4863 | D:6      | Reached skill level 5 in Invocations
  4977 | D:6      | Found a staircase to the Ecumenical Temple.
  4990 | Temple   | Entered the Ecumenical Temple
  5213 | Temple   | Became a worshipper of Warmaster Okawaru
  5213 | Temple   | Reached * piety under Okawaru
  5213 | Temple   | Reached ** piety under Okawaru
  5751 | D:7      | Found a flagged portal.
  5784 | Bailey   | Entered a bailey
  5973 | Bailey   | Noticed an orc knight
  5979 | Bailey   | Noticed an orc high priest
  5987 | Bailey   | Noticed a smoke demon
  5987 | Bailey   | Noticed an ice devil
  5995 | Bailey   | Killed from afar by an orc high priest

Illustrated notes

Levels and vault maps discovered:
D:1:      mrwooster_arrival_statue_3, layout_rooms
D:2:      layout_basic, grunt_ministairs_14, uniq_sigmund
D:3:      layout_basic, hellmonk_ecumenical_altar_leap_of_faith, uniq_robin
D:4:      layout_rooms, amcnicky_altar_gilded, corexii_hall_statues_l,
          hangedman_decor_push, chequers_garden,
          eino_small_chamber_without_monster, minmay_hollow_rounded_squares,
          uniq_blork_the_orc, uniq_ijyb
D:5:      layout_rooms, kennysheep_path_1, nicolae_specific_store
D:6:      layout_rooms, minmay_temple_entry_butterflies, lexackson_kobold_supper
D:7:      kennysheep_windowed_halls, layout_basic, enter_bailey_3,
          interstate_on_off
Temple:   mainiacjoe_temple_archimedes_tessellation
Bailey:   bailey_axe_of_yendor_kennysheep, bailey

Skill      XL: |  1  2  3  4  5  6  7  8  9 |
---------------+----------------------------+-----
Invocations    | 1 2 3 4 5 |  5.3
Armour         | 1 2 3 4 |  4.3
Dodging        | 3 4 5 |  5.2
Fighting       | 4 5 6 7 8 |  8.5
Shields        | 1 3 4 |  4.2
Stealth        | |  2.1
Unarmed Combat | |  3.2

Action                   |  1- 3 |  4- 6 |  7- 9 || total
-------------------------+-------+-------+-------++-------
Melee: Unarmed           |    86 |   193 |   206 ||   485
       Punch             |     2 |     2 |     1 ||     5
       Scimitar          |       |       |   233 ||   233
Invok: Heroism           |       |       |     2 ||     2
Evoke: Wand              |       |       |     4 ||     4
  Use: Potion            |       |     1 |     1 ||     2
       Scroll            |       |       |     8 ||     8
Armor: Chain mail        |    60 |   113 |   384 ||   557
       Robe              |     1 |       |       ||     1
Dodge: Dodged            |    48 |    70 |   223 ||   341
Block: Buckler           |       |       |   111 ||   111

Table legend: (Time is in decaauts)
 A = Elapsed time spent in this place.
 B = Non-inter-level travel time spent in this place.
 C = Inter-level travel time spent in this place.
 D = Time resting spent in this place.
 E = Time spent auto-exploring this place.
 F = Levels seen in this place.
 G = Mean time per level.
                   A        B        C        D        E       F      G
               +--------+--------+--------+--------+--------+-----+--------+
         Total |   6049 |   5854 |    195 |    311 |   3970 |   9 |  672.1 |
       Dungeon |   5582 |   5425 |    157 |    311 |   3659 |   7 |  797.4 |
        Temple |    247 |    209 |     38 |      0 |    174 |   1 |  247.0 |
        Bailey |    220 |    220 |      0 |      0 |    137 |   1 |  220.0 |
               +--------+--------+--------+--------+--------+-----+--------+

Top non-repeatable levels by time:
     D:4: 1465 daAuts
     D:5: 1059 daAuts
     D:6: 921 daAuts
     D:2: 862 daAuts
     D:3: 738 daAuts
     D:1: 436 daAuts
  Temple: 247 daAuts
  Bailey: 220 daAuts
     D:7: 98 daAuts
